 Dungeon Crawl Stone Soup version 0.31-a0-691-g409c26aa35 (webtiles) character file.

Game seed: 17700265022412748109

107321 mopl the Polluter (level 17, -14/133 HPs)
             Began as a Formicid Venom Mage on Sept 3, 2023.
             Was a High Priest of Cheibriados.
             Killed from afar by a deep elf zephyrmancer (22 damage)
             ... with a bolt of lightning
             ... on level 1 of the Elven Halls on Sept 6, 2023.
             The game lasted 00:57:50 (23081 turns).

mopl the Polluter (Formicid Venom Mage)            Turns: 23081, Time: 00:57:50

Health: -14/133    AC: 10    Str: 26    XL:     17   Next: 1%
Magic:  16/25      EV: 26    Int: 31    God:    Cheibriados [*****.]
Gold:   2483       SH: 21    Dex: 29    Spells: 6/24 levels left

rFire   + + .        b - staff of the Dark Horse {rPois rF+ rN+ Dex+3 Poison}
rCold   + + +        A - +0 tower shield {AC+3}
rNeg    + . .        V - +0 troll leather armour
rPois   +            (helmet unavailable)
rElec   .            G - scarf {rC+ rF+}
rCorr   .            O - +0 pair of gloves of Macaroni {rC+ Will++ Int-3}
SInv    +            J - +0 pair of boots
Will    +++++        Q - amulet of faith {!P}
Stlth   ++           M - +4 ring of slaying
HPRegen 1.22/turn    o - ring of Salvation {rPois rC+ Will+++ EV+5 Stlth-}
MPRegen 0.19/turn

%: faith
@: marked, very slow
A: permanent stasis, dig shafts and tunnels, antennae 3, four strong arms
a: Dig, Shaft Self, Renounce Religion, Bend Time, Temporal Distortion, Slouch,
Step From Time


You were on level 1 of the Elven Halls.
You worshipped Cheibriados.
Cheibriados was extremely pleased with you.
You visited 5 branches of the dungeon, and saw 24 of its levels.
You also visited: Sewer and Bailey.

You collected 2723 gold pieces.
You spent 240 gold pieces at shops.

Inventory:

Hand Weapons
 a - a +0 dire flail of protection
 g - a +0 long sword of flaming
 P - the +8 glaive "Earthworm" {venom, rPois rN++ rCorr}
   (You acquired it on level 14 of the Dungeon)

   rPois:     It protects you from poison rN++: It greatly protects you from
   negative energy.
   rCorr:     It protects you from acid and corrosion.
Missiles
 f - 3 throwing nets
 i - 6 darts of dispersal
 r - 8 javelins
 t - 25 boomerangs
 X - 2 curare-tipped darts
Armour
 A - a +0 tower shield of protection (worn)
 G - a scarf of resistance (worn)
 J - a +0 pair of boots (worn)
 O - the +0 pair of gloves of Macaroni (worn) {rC+ Will++ Int-3}
   (You found it in a bailey)

   Int-3:     It affects your intelligence (-3).
   rC+:       It protects you from cold.
   Will++:    It greatly increases your willpower.
 V - a +0 troll leather armour (worn)
Magical Staves
 b - the staff of the Dark Horse (weapon) {rPois rF+ rN+ Dex+3 Poison}
   (You found it on level 1 of the Lair of Beasts)

   [staff of poison]

   Base accuracy: +5 Base damage: 5 Base attack delay: 1.2 This weapon's minimum
   attack delay (0.6) is reached at skill level 12.
   Dex+3:     It affects your dexterity (+3).
   rF+:       It protects you from fire.
   rPois:     It protects you from poison rN+: It protects you from negative
   energy.
   Poison:    It increases the power of your Poison spells.
   It falls into the 'Staves' category.
   It is a weapon for one hand-pair.
Jewellery
 j - a ring of positive energy
 o - the ring of Salvation (right hand) {rPois rC+ Will+++ EV+5 Stlth-}
   (You found it on level 13 of the Dungeon)

   [ring of evasion]

   EV+5:      It affects your evasion (+5).
   rC+:       It protects you from cold.
   rPois:     It protects you from poison Will+++: It greatly increases your
   willpower.
   Stlth-:    It makes you less stealthy.
 I - the ring of Departure {rF+ Int+6 Dex+4}
   (You found it on level 4 of the Lair of Beasts)

   [ring of intelligence]

   Int+6:     It affects your intelligence (+6).
   Dex+4:     It affects your dexterity (+4).
   rF+:       It protects you from fire.
 M - a +4 ring of slaying (left hand)
 Q - an amulet of faith (around neck) {!P}
Wands
 d - a wand of mindburst (1)
 k - a wand of flame (5)
 p - a wand of polymorph (5)
 q - a wand of roots (16)
 D - a wand of charming (21)
 U - a wand of digging (7)
Scrolls
 e - a scroll of torment {!r}
 h - 6 scrolls of vulnerability
 v - a scroll of silence {!r}
 x - 5 scrolls of revelation
 C - 5 scrolls of poison
 H - 2 scrolls of identify
 N - a scroll of fog
 S - a scroll of fear
Potions
 c - 5 potions of magic
 l - 7 potions of might
 w - 2 potions of enlightenment
 z - 4 potions of invisibility
 E - 4 potions of brilliance
 F - 5 potions of curing
 K - 2 potions of cancellation
 T - 3 potions of lignification {!q}
 W - 2 potions of resistance


   Skills:
 + Level 12.0 Fighting
 + Level 7.3 Throwing
 + Level 12.0 Armour
 + Level 10.3 Dodging
 - Level 2.4 Stealth
 + Level 10.7 Shields
 + Level 4.1 Spellcasting
 + Level 3.1 Translocations
 - Level 1.1 Transmutations
 - Level 16.5 Poison Magic
 + Level 11.9 Invocations
 + Level 11.8 Evocations


You had 6 spell levels left.
You knew the following spells:

 Your Spells              Type           Power      Damage    Failure   Level
a - Manifold Assault      Tloc           25%        N/A       50%         4
b - Sting                 Tmut/Pois      100%       1d8       1%          1
c - Mephitic Cloud        Conj/Pois/Air  57%        N/A       6%          3
d - Dispersal             Tloc           12%        N/A       100%        6
o - Olgreb's Toxic Radia  Pois           100%       N/A       1%          4

Your spell library contained the following spells:

 Spells                   Type           Power      Damage    Failure   Level
 Poisonous Vapours        Pois/Air       100%       N/A       1%          2
 Apportation              Tloc           50%        N/A       6%          1
 Magic Dart               Conj           24%        1d4       21%         1
 Necrotise                Necr           24%        1d5       21%         1
 Slow                     Hex            24%        N/A       21%         1
 Summon Small Mammal      Summ           24%        N/A       21%         1
 Call Imp                 Summ           12%        N/A       30%         2
 Searing Ray              Conj           12%        2d4       30%         2
 Static Discharge         Conj/Air       12%        2-3/arc   30%         2
 Confusing Touch          Hex            6%         N/A       52%         3
 Frozen Ramparts          Ice            12%        1d2       52%         3
 Hailstorm                Conj/Ice       6%         3d4       52%         3
 Stone Arrow              Conj/Erth      12%        3d7       52%         3
 Vampiric Draining        Necr           6%         2d6       52%         3
 Petrify                  Tmut/Erth      9%         N/A       86%         4
 Airstrike                Air            3%         2d(1-17)  90%         4
 Animate Dead             Necr           6%         N/A       90%         4
 Fulminant Prism          Conj/Hex       3%         3d5       90%         4
 Summon Ice Beast         Ice/Summ       6%         N/A       90%         4
 Summon Lightning Spire   Summ/Air       6%         N/A       90%         4
 Borgnjor's Vile Clutch   Necr/Erth      3%         N/A       99%         5
 Metabolic Englaciation   Hex/Ice        3%         N/A       99%         5
 Death Channel            Necr           3%         N/A       100%        6
 Simulacrum               Ice/Necr       3%         N/A       100%        6
 Malign Gateway           Summ/Tloc      7%         N/A       100%        7
 Disjunction              Tloc           12%        N/A       100%        8
 Lehudib's Crystal Spear  Conj/Erth      3%         10d2      100%        8
 Summon Horrible Things   Summ           3%         N/A       100%        8
 Blink                    Tloc           Unusable   N/A       N/A         2

Dungeon Overview and Level Annotations

Branches:
Dungeon (15/15)            Temple (1/1) D:6            Lair (5/5) D:10
  Swamp (0/4) Lair:2        Snake (0/4) Lair:2          Orc (2/2) D:10
    Elf (1/3) Orc:2        Vaults (0/5) D:14         Depths (0/4) D:15
  Sewer (visited)          Bailey (visited)
  Slime: Lair:4-5

Altars:
Ashenzari
Cheibriados
Dithmenos
Elyvilon
Fedhas
Gozag
Hepliaklqana
Kikubaaqudgha
Makhleb
Nemelex Xobeh
Okawaru
Qazlal
Ru
Sif Muna
Trog
Uskayaw
Vehumet
Wu Jian
Xom
Yredelemnul
Zin
The Shining One
Jiyva

Shops:
Orc:2 =([!

Annotations:
Lair:4 exclusion: 4 oklob plants
Lair:5 2 transporters, Tenar's ghost, journeyman DsRe
Orc:2 1 runed translucent door, Uzxa Qoas's ghost, journeyman DEEE
Elf:1 Jorgrun


Innate Abilities, Weirdness & Mutations

You cannot be hasted, slowed, berserked, paralysed or teleported.
You can dig through walls and to a lower floor.
You have a pair of large antennae on your head. (SInv)
Your four strong arms can wield two-handed weapons with a shield.


Message History

The deep elf knight burns! x2; You block the harpy's attack. x2
A deep elf pyromancer comes into view.
It is wielding a +1 long sword of protection.
The deep elf zephyrmancer mumbles some strange words.
The deep elf zephyrmancer blinks!
Jorgrun hits you with a staff of earth!
* * * LOW HITPOINT WARNING * * *
The deep elf knight points at you and mumbles some strange words.
The shard of ice hits you!! You partially resist.
* * * LOW HITPOINT WARNING * * *
Jorgrun misses you.
The deep elf pyromancer casts a spell.
The deep elf pyromancer blinks!
A +2 glaive of venom comes into view.
The deep elf pyromancer moves out of view.
There is a staircase back to the Mines, spattered with blood here.
Unknown command.
Unknown command.
Unknown command.
Okay, then.
Okay, then.
You feel much better.
The deep elf knight burns!
You block the deep elf knight's attack.
Jorgrun points next to you and mumbles some strange words.
The wall shatters!
The blast of rock fragments hits you!!
* * * LOW HITPOINT WARNING * * *
A deep elf zephyrmancer comes into view.
It is wielding a +0 short sword.
You block the deep elf knight's attack. Magic courses through your body.
The deep elf knight burns!
You block the deep elf knight's attack. Jorgrun closely misses you.
You block the deep elf zephyrmancer's attack.
You step out of the flow of time.
You hear a grinding noise. x12
You return to the normal time flow.
Cheibriados lowers the support of your attributes as your movement quickens.
A deep elf zephyrmancer comes into view.
It is wielding a +0 rapier.
The deep elf zephyrmancer shouts!
You hear a shout! x4
The deep elf zephyrmancer shouts!
You hear a grinding noise.
A deep elf zephyrmancer comes into view.
It is wielding a +0 dagger.
The deep elf zephyrmancer points at you and mumbles some strange words.
The bolt of lightning hits you!!
You die...

..### ..., ....#
#..#########...#####
##.....#...........#
....................
.......e...)...... ,
...#....)8)....#
#.e####).e######
#@).[)e.......# {
##..##.).#####
###.)...8.....##
........).......
#.......).......
###......)....##
######e..#####
.{{.....)..#
............#


You could see a deep elf pyromancer and 4 deep elf zephyrmancers.

Vanquished Creatures
  An orc warlord (Orc:2)
  A dire elephant (D:15)
  Josephine (Lair:3)
  A fire dragon (Lair:5)
  A vault guard (D:14)
  A ghost crab (Lair:2)
  2 catoblepae
  2 centaur warriors (D:13)
  5 hydras
  2 tengu warriors
  A dancing weapon (Elf:1)
  2 boulder beetles
  8 two-headed ogres
  5 death yaks
  3 deep elf knights (Elf:1)
  3 skeletal warriors (D:14)
  A skyshark (Lair:5)
  A spectral death yak (Lair:2)
  Lodul (D:12)
  A spectral hydra (Lair:2)
  2 deep elf archers (Elf:1)
  3 wizards (D:14)
  3 lindwurms
  A necromancer (D:14)
  5 orc knights
  7 deep elf zephyrmancers (Elf:1)
  2 wolf spiders
  6 deep elf pyromancers
  An oklob plant (Lair:1)
  8 orc sorcerers
  2 salamanders
  2 manticores
  2 cyclopes
  12 ugly things
  10 elephants
  5 torpor snails (Lair:5)
  7 black mambas
  A guardian serpent (Lair:5)
  18 cane toads
  2 gargoyles
  6 komodo dragons
  2 kobold demonologists (D:10)
  A freezing wraith (D:15)
  A rime drake (Lair:4)
  3 polar bears
  12 trolls
  3 tyrant leeches (Lair:5)
  Prince Ribbit (D:5)
  12 hornets
  10 dream sheep (Lair:3)
  Grinder (D:4)
  8 blink frogs
  A spectral black mamba (Lair:2)
  15 slime creatures
  2 air elementals (Elf:1)
  A shadow (D:13)
  A vampire (Bailey)
  20 wyverns
  48 yaks
  7 wraiths
  20 humans (D:14)
  Grum (D:9)
  4 redbacks (Lair:5)
  6 basilisks
  3 vampire mosquitoes (D:12)
  A spectral cane toad (Lair:2)
  2 wargs (Orc:2)
  Edmund (D:5)
  3 acid dragons
  22 water moccasins
  Duvessa (D:5)
  2 black bears
  31 orc warriors
  A sky beast (D:7)
  13 wolves
  26 ogres
  7 centaurs
  8 kobold brigands
  6 gnoll sergeants
  10 bullfrogs
  A spectral water moccasin (Lair:2)
  3 scorpions
  8 wights
  Dowan (D:4)
  5 killer bees (D:10)
  An electric eel (Lair:5)
  7 vampire bats (Bailey)
  6 wolf zombies (Bailey)
  3 lava snakes (Lair:2)
  19 orc priests
  2 hounds
  A jelly (D:5)
  5 gnoll boudas
  Ijyb (D:4)
  A sleepcap (D:6)
  Terence (D:2)
  Natasha (thrice) (D:4)
  2 iguanas
  23 orc wizards
  30 gnolls
  15 adders
  3 shadow imps
  A white imp (D:7)
  2 worms
  4 dart slugs
  98 orcs
  4 endoplasms
  A giant cockroach (D:1)
  10 goblins
  6 hobgoblins
  18 jackals
  4 quokkas
  13 ball pythons
  5 frilled lizards (Sewer)
  18 kobolds
  22 orc zombies (Bailey)
  6 rats
818 creatures vanquished.

Vanquished Creatures (others)
  A deep elf knight (Elf:1)
1 creature vanquished.

Grand Total: 819 creatures vanquished

Notes
Turn   | Place    | Note
-------+----------+-------------------------------------------
     0 | D:1      | mopl the Formicid Venom Mage began the quest for the Orb.
     0 | D:1      | Reached XP level 1. HP: 13/13 MP: 3/3
   167 | D:1      | Reached XP level 2. HP: 18/19 MP: 1/5
   256 | D:1      | Reached XP level 3. HP: 22/24 MP: 0/7
   313 | D:1      | Reached skill level 3 in Spellcasting
   710 | D:1      | Reached skill level 5 in Poison Magic
  1022 | D:2      | Noticed Terence
  1030 | D:2      | Killed Terence
  1031 | D:2      | Reached skill level 6 in Poison Magic
  1031 | D:2      | Reached XP level 4. HP: 14/30 MP: 1/8
  1399 | D:2      | Learned a level 4 spell: Olgreb's Toxic Radiance
  1546 | D:2      | Reached XP level 5. HP: 35/35 MP: 5/9
  1554 | D:2      | Upgraded the game from 0.31-a0-667-g39726597b9 to
                  | 0.31-a0-691-g409c26aa35
  2216 | D:3      | Noticed an ogre
  2232 | D:3      | Killed an ogre
  2233 | D:3      | Reached skill level 7 in Poison Magic
  2233 | D:3      | Reached XP level 6. HP: 40/41 MP: 4/10
  2431 | D:3      | Found a sacrificial altar of Ru.
  2431 | D:3      | Found a glowing silver altar of Zin.
  2566 | D:3      | Reached skill level 8 in Poison Magic
  3283 | D:4      | Noticed an ogre
  3303 | D:4      | Killed an ogre
  3304 | D:4      | Reached skill level 9 in Poison Magic
  3304 | D:4      | Reached XP level 7. HP: 43/46 MP: 1/11
  3408 | D:4      | Noticed Grinder
  3570 | D:4      | Noticed Natasha
  3580 | D:4      | Killed Natasha
  3608 | D:4      | Noticed Ijyb
  3620 | D:4      | Killed Ijyb
  3621 | D:4      | Reached skill level 10 in Poison Magic
  3882 | D:4      | Killed Grinder
  3883 | D:4      | Reached skill level 1 in Fighting
  3883 | D:4      | Reached skill level 1 in Armour
  3883 | D:4      | Reached skill level 2 in Dodging
  3883 | D:4      | Reached skill level 1 in Evocations
  3883 | D:4      | Reached XP level 8. HP: 28/54 MP: 1/12
  3987 | D:4      | Noticed Natasha
  4473 | D:4      | Killed Natasha
  4719 | D:4      | Noticed Natasha
  4727 | D:4      | Killed Natasha
  4773 | D:5      | Entered Level 5 of the Dungeon
  4793 | D:5      | Reached skill level 2 in Armour
  4793 | D:5      | Reached skill level 2 in Evocations
  4799 | D:5      | HP: 1/56 [gnoll/+0 halberd[a gnoll bouda] (8)]
  4995 | D:5      | Reached skill level 2 in Fighting
  5145 | D:5      | Noticed Duvessa
  5145 | D:5      | Noticed Dowan
  5169 | D:5      | Killed Duvessa
  5269 | D:4      | Killed Dowan
  5378 | D:5      | Reached skill level 3 in Dodging
  5500 | D:5      | Learned a level 3 spell: Mephitic Cloud
  5554 | D:5      | Noticed Edmund
  5566 | D:5      | Killed Edmund
  5567 | D:5      | Reached skill level 3 in Fighting
  5567 | D:5      | Reached skill level 3 in Armour
  5567 | D:5      | Reached skill level 3 in Evocations
  5671 | D:5      | Reached XP level 9. HP: 55/64 MP: 5/13
  5833 | D:5      | Noticed Prince Ribbit
  5842 | D:5      | Killed Prince Ribbit
  5843 | D:5      | Reached skill level 11 in Poison Magic
  5976 | D:6      | HP: 3/65 [poisoned by a water moccasin]
  5979 | D:6      | HP: 1/65 [poisoned by a water moccasin]
  5985 | D:6      | HP: 2/65 [bullfrog (1)]
  6005 | D:6      | Found a staircase to the Ecumenical Temple.
  6029 | Temple   | Entered the Ecumenical Temple
  6060 | Temple   | Became a worshipper of Cheibriados the Contemplative
  6097 | D:6      | Reached skill level 4 in Armour
  6222 | D:6      | Reached skill level 4 in Fighting
  6222 | D:6      | Reached skill level 4 in Evocations
  6276 | D:6      | Found a glowing drain.
  6287 | D:6      | Reached skill level 4 in Dodging
  6295 | Sewer    | Entered a sewer
  6386 | Sewer    | Reached * piety under Cheibriados
  6673 | D:6      | Reached skill level 1 in Invocations
  6796 | D:6      | Found a shadowy altar of Dithmenos.
  6804 | D:6      | Found an iron altar of Okawaru.
  7390 | D:7      | Found a flagged portal.
  7405 | D:7      | Reached skill level 2 in Invocations
  7414 | D:7      | Reached ** piety under Cheibriados
  7436 | Bailey   | Entered a bailey
  7594 | Bailey   | Identified the +0 pair of gloves of Macaroni {rC+ Will++
                  | Int-3}
  7833 | Bailey   | Reached XP level 10. HP: 49/73 MP: 14/14
  7933 | Bailey   | Reached skill level 5 in Armour
  7935 | Bailey   | Reached skill level 3 in Invocations
  7939 | Bailey   | Reached skill level 5 in Fighting
  7939 | Bailey   | Reached skill level 5 in Evocations
  7947 | Bailey   | Reached *** piety under Cheibriados
  7996 | Bailey   | Identified the +0 chain mail of the Unstoppable Wars {+Inv}
  8038 | Bailey   | Noticed a gargoyle
  8047 | Bailey   | Killed a gargoyle
  8048 | Bailey   | Reached skill level 12 in Poison Magic
  8074 | Bailey   | Reached skill level 5 in Dodging
  8213 | Bailey   | Identified the staff of Valour {rC+ Dex+5 Stlth+ Ice}
  8828 | D:7      | Reached skill level 4 in Invocations
  9133 | D:8      | Reached skill level 6 in Armour
  9136 | D:8      | Reached skill level 6 in Fighting
  9336 | D:9      | Reached **** piety under Cheibriados
  9337 | D:9      | Reached skill level 6 in Evocations
  9443 | D:9      | Noticed a two-headed ogre
  9467 | D:9      | Killed a two-headed ogre
  9468 | D:9      | Reached skill level 5 in Invocations
  9468 | D:9      | Reached XP level 11. HP: 70/81 MP: 6/15
  9600 | D:9      | Noticed a two-headed ogre
  9610 | D:9      | Killed a two-headed ogre
  9611 | D:9      | Reached skill level 6 in Dodging
  9749 | D:9      | Reached skill level 13 in Poison Magic
  9890 | D:9      | Reached skill level 7 in Armour
  9895 | D:9      | Reached skill level 7 in Fighting
 10193 | D:9      | Noticed Grum
 10197 | D:9      | Reached skill level 6 in Invocations
 10201 | D:9      | Reached ***** piety under Cheibriados
 10203 | D:9      | Killed Grum
 10204 | D:9      | Reached skill level 7 in Evocations
 10479 | D:10     | Entered Level 10 of the Dungeon
 10661 | D:10     | Noticed a sixfirhy
 10752 | D:10     | Found a transporter.
 10922 | D:10     | Found a staircase to the Lair.
 10947 | D:10     | Found a staircase to the Orcish Mines.
 10952 | D:10     | Reached XP level 12. HP: 91/91 MP: 7/17
 11086 | D:10     | Reached skill level 7 in Invocations
 11098 | D:10     | Reached skill level 1 in Shields
 11108 | D:10     | Reached skill level 7 in Dodging
 11115 | D:10     | Found a transporter.
 11152 | D:10     | Reached skill level 8 in Armour
 11163 | D:10     | Found a transporter.
 11178 | D:10     | Noticed a two-headed ogre
 11179 | D:10     | Found a transporter.
 11179 | D:10     | Noticed a two-headed ogre
 11184 | D:10     | Reached skill level 8 in Fighting
 11186 | D:10     | Killed a two-headed ogre
 11187 | D:10     | Reached skill level 2 in Shields
 11187 | D:10     | Killed a two-headed ogre
 11188 | D:10     | Reached skill level 8 in Evocations
 11643 | D:11     | Noticed a two-headed ogre
 11651 | D:11     | Killed a two-headed ogre
 11943 | D:11     | Reached skill level 3 in Shields
 11945 | D:11     | Reached skill level 14 in Poison Magic
 11983 | D:11     | Reached ****** piety under Cheibriados
 12297 | Orc:1    | Entered Level 1 of the Orcish Mines
 12517 | Orc:2    | Entered Level 2 of the Orcish Mines
 12616 | Orc:2    | Reached skill level 4 in Shields
 12616 | Orc:2    | Reached skill level 8 in Invocations
 12685 | Orc:2    | Noticed a two-headed ogre
 12691 | Orc:2    | Reached XP level 13. HP: 99/99 MP: 7/19
 12871 | Orc:2    | Reached skill level 9 in Armour
 13023 | Orc:2    | Reached skill level 9 in Fighting
 13023 | Orc:2    | Found Elot's Distillery.
 13127 | Orc:1    | Reached skill level 5 in Shields
 13354 | Orc:2    | Found a staircase to the Elven Halls.
 13367 | Orc:2    | Found a shimmering altar of Xom.
 13399 | Orc:2    | Reached skill level 9 in Evocations
 13443 | Orc:2    | Noticed an orc warlord
 13451 | Orc:2    | Reached skill level 8 in Dodging
 13459 | Orc:2    | Killed an orc warlord
 13460 | Orc:2    | Reached skill level 1 in Throwing
 13770 | Orc:2    | Found Neigauch's Jewellery Shop.
 13802 | Orc:2    | Found a runed translucent door.
 13820 | Orc:2    | Noticed Uzxa Qoas's ghost (journeyman DEEE)
 13909 | Orc:2    | Found Pieqeclo's Antique Weapon Shoppe.
 13912 | Orc:2    | Found Nuyd's Antique Armour Emporium.
 13918 | Orc:2    | Bought an embroidered scarf for 240 gold pieces
 14187 | Lair:1   | Entered Level 1 of the Lair of Beasts
 14289 | Lair:1   | Reached skill level 6 in Shields
 14289 | Lair:1   | Reached skill level 9 in Invocations
 14386 | Lair:1   | Reached skill level 2 in Throwing
 14565 | Lair:1   | Got the Anthology of the Crater
 14567 | Lair:1   | Identified the staff of the Dark Horse {rPois rF+ rN+ Dex+3
                  | Poison}
 15078 | Lair:2   | Noticed a four-headed hydra
 15298 | Lair:2   | Reached skill level 15 in Poison Magic
 15319 | Lair:2   | Reached XP level 14. HP: 103/109 MP: 12/20
 15501 | Lair:2   | Reached skill level 3 in Throwing
 15625 | Lair:2   | Found a staircase to the Swamp.
 15787 | Lair:2   | Found a staircase to the Snake Pit.
 15797 | Lair:2   | Reached skill level 7 in Shields
 15916 | Lair:2   | Reached skill level 10 in Armour
 15919 | Lair:2   | Reached skill level 10 in Fighting
 15985 | Lair:2   | You fall into a shaft and drop 1 floor!
 16165 | Lair:3   | Reached skill level 4 in Throwing
 16172 | Lair:3   | Reached skill level 10 in Evocations
 16188 | Lair:3   | Noticed Josephine
 16236 | Lair:3   | Killed Josephine
 16430 | Lair:2   | Reached skill level 10 in Invocations
 16847 | Lair:3   | Reached skill level 9 in Dodging
 16851 | Lair:3   | Reached skill level 8 in Shields
 17402 | Lair:4   | Identified the +9 quarterstaff "Siocast" {heavy, *Noise rC-
                  | rN+ Int+5}
 17426 | Lair:4   | Found a viscous altar of Jiyva.
 17608 | Lair:4   | Found an ornate altar of the Wu Jian Council.
 17615 | Lair:4   | Reached XP level 15. HP: 49/117 MP: 17/22
 17633 | Lair:4   | Found a hide-covered altar of Uskayaw.
 17953 | Lair:4   | Identified the ring of Departure {rF+ Int+6 Dex+4}
 18083 | Lair:5   | Entered Level 5 of the Lair of Beasts
 18143 | Lair:5   | Reached skill level 5 in Throwing
 18285 | Lair:5   | Noticed Tenar's ghost (journeyman DsRe)
 18311 | Lair:5   | Found a transporter.
 18361 | Lair:5   | Found a transporter.
 18565 | Lair:5   | Reached skill level 11 in Fighting
 18612 | Lair:5   | Reached skill level 11 in Armour
 18630 | Lair:5   | Reached skill level 9 in Shields
 18637 | Lair:5   | Reached skill level 16 in Poison Magic
 18659 | Lair:5   | Found a runed translucent door.
 19054 | Lair:5   | Reached skill level 6 in Throwing
 19257 | Lair:5   | Reached skill level 11 in Invocations
 19277 | Lair:5   | Reached skill level 11 in Evocations
 19862 | D:12     | Noticed Lodul
 19868 | D:12     | Killed Lodul
 19896 | D:12     | Learned a level 4 spell: Manifold Assault
 20123 | D:13     | Reached XP level 16. HP: 108/126 MP: 18/24
 20384 | D:13     | Reached skill level 1 in Translocations
 20501 | D:13     | Identified the ring of Salvation {rPois rC+ Will+++ EV+5
                  | Stlth-}
 21416 | D:14     | Found a gate to the Vaults.
 21423 | D:14     | Reached skill level 10 in Shields
 21427 | D:14     | Reached skill level 10 in Dodging
 21619 | D:14     | Learned a level 6 spell: Dispersal
 21798 | D:14     | Identified a scroll of acquirement
 21808 | D:14     | Reached skill level 2 in Translocations
 21813 | D:14     | Acquired the +8 glaive "Earthworm" {venom, rPois rN++
                  | rCorr}
 22205 | D:15     | Entered Level 15 of the Dungeon
 22314 | D:15     | Reached skill level 7 in Throwing
 22675 | D:15     | Found a bloodstained altar of Trog.
 22706 | D:15     | Found a staircase to the Depths.
 22948 | Elf:1    | Entered Level 1 of the Elven Halls
 22966 | Elf:1    | Reached skill level 12 in Fighting
 22966 | Elf:1    | Reached skill level 12 in Armour
 23021 | Elf:1    | Reached skill level 4 in Spellcasting
 23031 | Elf:1    | Reached skill level 3 in Translocations
 23070 | Elf:1    | Reached XP level 17. HP: 58/133 MP: 4/25
 23076 | Elf:1    | Noticed Jorgrun
 23078 | Elf:1    | HP: 6/133 [deep elf knight/shard of ice (19)]
 23081 | Elf:1    | Killed from afar by a deep elf zephyrmancer

Illustrated notes

Levels and vault maps discovered:
D:1:      dpeg_arrival_court, layout_loops_ring, minivault_5
D:2:      layout_loops_corners, uniq_terence
D:3:      layout_basic, nicolae_overflow_two_pavilions, serial_glass,
          glass_columns_a, glass_columns_c, due_unseen_surprise,
          item_on_display_a, item_on_display_a, feat_on_display,
          grunt_decor_resistance
D:4:      minmay_recursive_quarters, layout_basic, uniq_natasha, uniq_ijyb,
          uniq_grinder
D:5:      layout_loops_cross, uniq_duvessa, uniq_prince_ribbit1, uniq_edmund
D:6:      layout_basic, mainiacjoe_overflow_big_doors,
          minmay_temple_entry_ruins, portal_sewer_entry_b, reono_crystal_passage
D:7:      layout_rooms, enter_bailey_6
D:8:      layout_rooms
D:9:      layout_loops_corners, grunt_decor_fettered, dreamdust_gnoll_shepherd,
          uniq_grum
D:10:     lemuel_troll_bridge, layout_basic,
          kennysheep_orc_monster_closet_entryway, nicolae_diode_intersection
D:11:     layout_loops_corners
D:12:     layout_roguey, uniq_lodul
D:13:     kennysheep_seaside_town, layout_loops_ring,
          chequers_serial_rivers_large_a
D:14:     layout_basic, grunt_vaults_entry_tiered, minmay_holes
D:15:     hangedman_depths_entry_try_elsewhere_first, layout_cave_pools,
          dreamdust_princess_bridge, trog_three_pillars_becter
Temple:   compressed_dpeg_circular_temple
Lair:1:   dpeg_oklob_gauntlet, layout_chaotic_city
Lair:2:   layout_roguey, nicolae_swamp_entry_spooky,
          nicolae_snake_entry_warm_welcome, st_stairs_9,
          hangedman_lair_generics_rect, grunt_megastairs_3
Lair:3:   layout_regular_city, uniq_josephine
Lair:4:   layout_loops_ring, minmay_slime_entry_oklob_open,
          nzn_masters_of_martial_movement, grunt_megastairs_1
Lair:5:   wormcave, layout_long_grid, hangedman_lair_tendril_chambers,
          gammafunk_ghost_berserking_beasts, nicolae_lair_grazing_beasts
          [nicolae_sub_lair_graze_edge, nicolae_sub_lair_graze_edge,
          nicolae_sub_lair_graze_edge, nicolae_sub_lair_graze_edge]
Orc:1:    layout_caves
Orc:2:    grunt_orc_community_town_hall, layout_diamond_mine,
          grunt_orc_community_big_house_2, grunt_orc_community_big_house_2,
          grunt_orc_community_house_1, grunt_orc_community_house_3,
          grunt_orc_community_house_2, grunt_orc_community_house_3,
          ebering_ghost_inner_flame, basic_altar, guppyfry_orc_lava_fort
Elf:1:    eino_elf_arrival_shootout, layout_loops_cross, serial_shops, shop,
          hangedman_elven_crosses_minicolossus, minmay_misc_feat_rows,
          uniq_jorgrun

Skill      XL: |  1  2  3  4  5  6  7  8  9 10 11 12 13 14 15 16 |
---------------+-------------------------------------------------+-----
Spellcasting   | 3 4 |  4.1
Poison Magic   | 6 7 9 10 11 12 13 14 15 16 | 16.5
Fighting       | 1 3 4 6 7 8 9 10 11 12 | 12.0
Armour         | 1 3 4 6 7 8 9 10 11 12 | 12.0
Dodging        | 2 3 4 5 6 7 8 9 10 | 10.3
Evocations     | 1 3 4 6 7 8 9 10 11 | 11.8
Invocations    | 2 5 6 8 9 10 11 | 11.9
Shields        | 4 6 8 9 10 | 10.7
Throwing       | 2 4 6 7 |  7.3
Translocations | 3 |  3.1
Stealth        | |  2.4
Transmutations | |  1.1

Action                     |  1- 3 |  4- 6 |  7- 9 | 10-12 | 13-15 | 16-18 || total
---------------------------+-------+-------+-------+-------+-------+-------++-------
  Melee: Spear             |    83 |    98 |    80 |       |       |       ||   261
         Punch             |     1 |     1 |     3 |     4 |       |       ||     9
         Dire flail        |       |       |   162 |   295 |   269 |   128 ||   854
         Glaive            |       |       |       |    15 |       |       ||    15
         Staff             |       |       |       |       |   492 |   211 ||   703
         Long sword        |       |       |       |       |    28 |       ||    28
  Throw: Throwing net      |       |       |     2 |       |       |       ||     2
   Cast: Sting             |    35 |    50 |    39 |       |       |       ||   124
         Olgreb's Toxic Ra |       |     6 |    45 |    69 |   120 |    39 ||   279
         Mephitic Cloud    |       |       |     1 |     3 |     2 |       ||     6
 Invoke: Bend Time         |       |       |       |     1 |       |       ||     1
         Slouch            |       |       |       |     1 |    10 |     7 ||    18
         Step From Time    |       |       |       |       |       |     1 ||     1
Ability: Dig               |       |     1 |     2 |       |     2 |       ||     5
         Shaft Self        |       |       |       |       |     1 |       ||     1
    Use: Scroll            |       |       |     6 |       |    12 |     7 ||    25
         Potion            |       |       |     4 |     3 |     1 |     2 ||    10
   Stab: Sleeping          |     1 |     1 |     1 |       |     7 |     1 ||    11
         Held in net/web   |       |       |     1 |       |       |       ||     1
         Confused          |       |       |       |     1 |       |       ||     1
         Distracted        |       |       |       |       |     1 |       ||     1
 Armour: Robe              |    49 |    66 |   134 |       |       |       ||   249
         Ring mail         |       |       |    78 |   251 |    45 |       ||   374
         Troll leather arm |       |       |       |       |   340 |   161 ||   501
  Dodge: Dodged            |    68 |    81 |   226 |   332 |   596 |   289 ||  1592
  Block: Kite shield       |       |       |       |    28 |   657 |   155 ||   840
         Buckler           |       |       |       |    15 |       |       ||    15
         Tower shield      |       |       |       |       |       |   257 ||   257

Table legend: (Time is in decaauts)
 A = Elapsed time spent in this place.
 B = Non-inter-level travel time spent in this place.
 C = Inter-level travel time spent in this place.
 D = Time resting spent in this place.
 E = Time spent auto-exploring this place.
 F = Levels seen in this place.
 G = Mean time per level.
                   A        B        C        D        E       F      G
               +--------+--------+--------+--------+--------+-----+--------+
         Total |  34578 |  32199 |   2379 |   2752 |  21086 |  26 | 1329.9 |
       Dungeon |  20262 |  18905 |   1357 |   1613 |  13164 |  15 | 1350.8 |
        Temple |     66 |     33 |     33 |      0 |      0 |   1 |   66.0 |
          Lair |   9302 |   8700 |    602 |    315 |   6094 |   5 | 1860.4 |
  Orcish Mines |   3303 |   2918 |    385 |    382 |   1528 |   2 | 1651.5 |
   Elven Halls |    183 |    183 |      0 |     31 |      0 |   1 |  183.0 |
         Sewer |    467 |    467 |      0 |      0 |    266 |   1 |  467.0 |
        Bailey |    992 |    992 |      0 |    411 |     33 |   1 |  992.0 |
               +--------+--------+--------+--------+--------+-----+--------+

Top non-repeatable levels by time:
   Orc:2: 2563 daAuts
  Lair:5: 2384 daAuts
    D:13: 2361 daAuts
  Lair:2: 2033 daAuts
     D:4: 1978 daAuts
    D:10: 1926 daAuts
  Lair:1: 1774 daAuts
     D:9: 1763 daAuts
    D:11: 1716 daAuts
  Lair:3: 1716 daAuts
    D:14: 1611 daAuts
  Lair:4: 1393 daAuts
     D:6: 1362 daAuts
     D:3: 1241 daAuts
    D:15: 1033 daAuts
